 Dungeon Crawl Stone Soup version 0.17-a0-1778-gd369669 (webtiles) character file.

97 ololoev the Poker (level 4, 0/36 HPs)
             Began as a Draconian Skald on Sept 8, 2015.
             Succumbed to poison (a potion of poison)
             ... on level 3 of the Dungeon.
             The game lasted 00:05:11 (2165 turns).

ololoev the Poker (Draconian Skald)                 Turns: 2165, Time: 00:05:12

Health: 0/36       AC:  6    Str: 18 (20) XL:     4   Next: 42%
Magic:  0/25       EV: 12    Int: 12      God:
Gold:   72         SH:  0    Dex: 11      Spells: 2 memorised, 4 levels left

rFire  . . .     SeeInvis .     a - +0 spear
rCold  . . .     Clarity  .     (armour unavailable)
rNeg   . . .     SustAt   .     (no shield)
rPois  .         Gourm    .     (helmet restricted)
rElec  .         Spirit   +     (no cloak)
rCorr  .         Warding  .     e - +0 pair of gloves
rMut   .         Stasis   .     (no boots)
MR     .....                    d - amulet of guardian spirit
Stlth  +.........               u - ring of magical power
                                v - ring of magical power

@: mighty, lethally poisoned (0 -> -8), very slightly contaminated, hasted,
invisible, very quick, not resistant to hostile enchantments, very unstealthy
A: unfitting armour, cold-blooded, AC +5
a: no special abilities


Innate Abilities, Weirdness & Mutations

Your plain brown scales are hard (AC +5).
Your body does not fit into most forms of armour.
You are cold-blooded and may be slowed by cold attacks.

Inventory:

Hand weapons
 a - a +0 spear (weapon)
Armour
 e - a +0 pair of gloves (worn)
Jewellery
 d - an amulet of guardian spirit (around neck)
 u - a ring of magical power (right hand)
 v - a ring of magical power (left hand)
Scrolls
 i - a scroll of enchant armour {unknown}
 j - a scroll of teleportation {unknown}
 l - 3 scrolls of remove curse
 m - 2 scrolls of magic mapping {unknown}
 s - a scroll of amnesia {unknown}
 t - a scroll of fog {unknown}
Books
 b - a book of Battle

   Spells                             Type                      Level
   a - Infusion                       Charms                       1
   b - Shroud of Golubria             Charms/Translocation         2
   c - Song of Slaying                Charms                       2
   d - Spectral Weapon                Hexes/Charms                 3
   e - Regeneration                   Charms/Necromancy            3
Comestibles
 c - 2 bread rations
 g - a royal jelly
 k - a slice of pizza


   Skills:
 - Level 2.1 Fighting
 + Level 4.7 Polearms
 - Level 1.3 Dodging
 - Level 2.0 Spellcasting
 - Level 2.6 Charms


You had 4 spell levels left.
You knew the following spells:

 Your Spells              Type           Power        Failure   Level  Hunger
a - Infusion              Chrm           #.....       12%         1    ##.....
b - Song of Slaying       Chrm           #.......     14%         2    ###....


You were on level 3 of the Dungeon.
You were hungry.

You visited 1 branch of the dungeon, and saw 3 of its levels.

You collected 72 gold pieces.

.. #.# .#). #.##
.<.....# #..##..#
###..##..#
###....##..#
..l........# ..
#...)#l#.# ..#
.####..#@.# ..# .#
##.###5# #.# #.###.##
#.## ##.###....## #.#
#.......##.## ##.##
###..#........###...#
...........###.#..#.#
#....#.##..# ##.#.#.#
..#.###...# #.#.#.#

Notes
Turn   | Place    | Note
--------------------------------------------------------------
     0 | D:1      | ololoev the Draconian Skald began the quest for the Orb.
     0 | D:1      | Reached XP level 1. HP: 17/17 MP: 3/3
   140 | D:1      | Reached XP level 2. HP: 21/24 MP: 1/5
   152 | D:1      | Learned a level 2 spell: Song of Slaying
   272 | D:1      | Reached skill level 3 in Polearms
   765 | D:2      | Reached XP level 3. HP: 29/29 MP: 0/6
  1097 | D:2      | Noticed Ijyb
  1137 | D:2      | Killed Ijyb
  1137 | D:2      | Reached skill level 4 in Polearms
  1137 | D:2      | Reached XP level 4. HP: 17/36 MP: 0/7
  2136 | D:3      | Noticed Grinder
  2151 | D:3      | Paralysed by Grinder for 3 turns
  2163 | D:3      | HP: 1/36 [poison (a potion of poison)]
  2165 | D:3      | Succumbed to poison (a potion of poison)

Dungeon Overview and Level Annotations

Branches:
Dungeon (3/15)

Altars:

Annotations:
D:3 Grinder


Message History

Drink which item? (? for menu, Esc to quit)
It was a potion of invisibility.
You fade into invisibility!
The giant gecko barely misses you. The giant gecko closely misses you.
You are very lightly contaminated with residual magic.
Drink which item? (? for menu, Esc to quit)
It was a potion of poison.
That liquid tasted very nasty...
You are poisoned.
You feel sick. Grinder barely misses you. The giant gecko barely misses you.
Drink which item? (? for menu, Esc to quit)
It was a potion of might.
You feel very mighty all of a sudden.
You are no longer magically infusing your attacks.
You feel sick. Grinder hits you!
You writhe in agony.
The giant gecko bites you but does no damage.
Drink which item? (? for menu, Esc to quit)
It was a potion of haste.
You feel yourself speed up.
You feel sick. Grinder closely misses you. The giant gecko closely misses you.
Drink which item? (? for menu, Esc to quit)
It was a potion of degeneration.
There was something very wrong with that liquid.
You feel weakened. Grinder misses you. The giant gecko misses you.
You aren't carrying any potions.
You hit Grinder.
Grinder is moderately wounded.
You are feeling hungry.
You feel sick.
You miss Grinder.
Grinder is moderately wounded.
The giant gecko bites you but does no damage.
Grinder hits you!
You writhe in agony.
You barely miss Grinder. You tail-slap Grinder!
Grinder is heavily wounded.
You feel sick. The giant gecko misses you. Grinder barely misses you.
You puncture Grinder!
Grinder is severely wounded.
You puncture Grinder!
Grinder is almost dead.
You die...

You could see Grinder and a giant gecko.

Vanquished Creatures
  Ijyb (D:2)
  2 adders (D:2)
  2 oozes (D:1)
  A worm (D:2)
  A giant gecko (D:1)
  6 goblins
  4 hobgoblins
  3 jackals (D:2)
  4 kobolds
  A quokka (D:2)
  A ball python (D:2)
  4 bats
  4 giant cockroaches
  2 giant newts
  5 rats
41 creatures vanquished.

Action                   |  1- 3 |  4- 6 || total
-------------------------+-------+-------++-------
Melee: Spear             |   136 |    61 ||   197
 Cast: Song of Slaying   |     3 |       ||     3
       Infusion          |     2 |     2 ||     4
  Use: Potion            |       |     6 ||     6
       Scroll            |       |     1 ||     1
 Stab: Sleeping          |       |     1 ||     1
  Eat: Chunk             |     1 |     3 ||     4

Vault maps used:
D:1:      minmay_arrival_jagged, serial_park_tiny_2
D:2:      uniq_iyjb
D:3:      kennysheep_flooded_box, nicolae_tso_carved_into_rock, uniq_sigmund,
          uniq_grinder
